 Dungeon Crawl Stone Soup version 0.26-a0-642-g67e99244d3 (webtiles) character file.

Game seed: 12980410820636276939

9 Colgate the Sneak (level 2, 16/22 HPs)
             Began as a Demonspawn Brigand on Sept 21, 2020.
             Quit the game on level 1 of the Dungeon.
             The game lasted 00:02:27 (578 turns).

Colgate the Sneak (Demonspawn Brigand)               Turns: 578, Time: 00:02:28

Health: 16/22      AC:  2    Str: 11    XL:     2   Next: 3%
Magic:  2/2        EV: 11    Int: 12    God:
Gold:   10         SH:  0    Dex: 14    Spells: 1/1 levels left

rFire    . . .     SeeInvis .   a - +2 dagger
rCold    . . .     Faith    .   (no shield)
rNeg     . . .     Spirit   .   b - +0 robe
rPois    .         Reflect  .   (no helmet)
rElec    .         Harm     .   h - scarf {repulsion}
rCorr    .         Rampage  .   (no gloves)
MR       .....                  (no boots)
Stlth    +++.......             (no amulet)
HPRegen  0.07/turn              (no ring)
MPRegen  0.08/turn              (no ring)

@: repel missiles
A: powered by pain 1
a: no special abilities


You were on level 1 of the Dungeon.
You visited 1 branch of the dungeon, and saw 1 of its levels.

You collected 10 gold pieces.

Inventory:

Hand Weapons
 a - a +2 dagger (weapon)
Missiles
 d - a poisoned dart (quivered)
 e - 2 curare-tipped darts
 f - 22 arrows
 g - 37 stones
 i - 7 sling bullets
Armour
 b - a +0 robe (worn)
 c - a +0 cloak
 h - a scarf of repulsion (worn)


   Skills:
 - Level 2.0 Fighting
 - Level 1.7 Short Blades
 - Level 1.7 Throwing
 - Level 0.8 Dodging
 + Level 4.1 Stealth


You had one spell level left.
You didn't know any spells.
Your spell library was empty.

Dungeon Overview and Level Annotations

Branches:
Dungeon (1/15)

Altars:


Innate Abilities, Weirdness & Mutations

You sometimes gain a little power by taking damage.


Message History

The dart slug is severely wounded.
Throwing (i - inventory. (/) - cycle)
d - 3 poisoned darts (quivered)
Press: ? - help, Shift-Dir - straight line, f/p - dart slug
Aim: a dart slug (almost dead, very poisoned)
You throw a poisoned dart. The poisoned dart hits the dart slug.
The dart slug looks even sicker.
The dart slug is almost dead.
The dart slug launches a dart at you. The slug dart hits you.
Throwing (i - inventory. (/) - cycle)
d - 2 poisoned darts (quivered)
Press: ? - help, Shift-Dir - straight line, f/p - dart slug
Aim: a dart slug (almost dead, very poisoned)
You throw a poisoned dart. The poisoned dart hits the dart slug.
The dart slug looks as sick as possible!
The dart slug is almost dead.
You kill the dart slug!
You have reached level 2!
Your demonic ancestry asserts itself...
You feel energised by your suffering.
Are you sure you want to abandon this character and quit the game? (Confirm with "yes".)

##...........# #(#
#...........# #.#
#...........# #.#
#...........# #(#
######.#....# #(#
#.#....# #(#
#.#....# #.#..
..#....# #@#.#
###....# #.#.#
#..### #.#.# #..#
# #.#.# #..# #
#.#.# #..# # #.#.#
#..# #
#.#.#########..###
#.................
###...............


There were no monsters in sight!

Vanquished Creatures
  A dart slug (D:1)
  2 ball pythons (D:1)
  A hobgoblin (D:1)
  A kobold (D:1)
  2 rats (D:1)
7 creatures vanquished.

Notes
Turn   | Place    | Note
-------+----------+-------------------------------------------
     0 | D:1      | Colgate the Demonspawn Brigand began the quest for the Orb.
     0 | D:1      | Reached XP level 1. HP: 16/16 MP: 1/1
   486 | D:1      | Reached skill level 4 in Stealth
   577 | D:1      | Gained mutation: You sometimes gain a little power by
                  | taking damage. [demonic ancestry]
   577 | D:1      | Reached XP level 2. HP: 16/22 MP: 2/2
   578 | D:1      | Quit the game

Illustrated notes

Levels and vault maps discovered:
D:1:      dpeg_arrival_water_temple_mockup, layout_basic, corexii_corridor_pit

Skill      XL: |  1 |
---------------+----+-----
Stealth        | 4 |  4.1
Fighting       | |  2.0
Short Blades   | |  1.7
Throwing       | |  1.7
Dodging        | |  0.8

Action                   || total
-------------------------++-------
Melee: Dagger            ||    15
Throw: Dart              ||    21
Armor: Robe              ||     1
Dodge: Dodged            ||     4

Table legend: (Time is in decaauts)
 A = Elapsed time spent in this place.
 B = Non-inter-level travel time spent in this place.
 C = Inter-level travel time spent in this place.
 D = Time resting spent in this place.
 E = Time spent auto-exploring this place.
 F = Levels seen in this place.
 G = Mean time per level.
                   A        B        C        D        E       F      G
               +--------+--------+--------+--------+--------+-----+--------+
         Total |    574 |    574 |      0 |      0 |    445 |   1 |  574.0 |
       Dungeon |    574 |    574 |      0 |      0 |    445 |   1 |  574.0 |
               +--------+--------+--------+--------+--------+-----+--------+

Top non-repeatable levels by time:
     D:1: 574 daAuts
